 Dungeon Crawl Stone Soup version 0.22-a0-283-g1871b15 (webtiles) character file.

141 grindst0ne the Conjurer (level 5, -1/31 HPs)
             Began as a Kobold Conjurer on Mar 19, 2018.
             Slain by Crazy Yiuf
             ... wielding a +3 quarterstaff of chaos
              (3 damage)
             ... on level 3 of the Dungeon.
             The game lasted 00:06:02 (3159 turns).

grindst0ne the Conjurer (Kobold Conjurer)           Turns: 3159, Time: 00:06:02

Health: -1/31      AC:  3    Str: 10    XL:     5   Next: 48%
Magic:  4/10       EV: 15    Int: 17    God:
Gold:   123        SH:  0    Dex: 16    Spells: 2/10 levels left

rFire    . . .     SeeInvis .   d - +0 short sword (venom)
rCold    . . .     Gourm    .   (shield restricted)
rNeg     . . .     Faith    .   a - +0 robe
rPois    .         Spirit   .   (no helmet)
rElec    .         Reflect  .   m - +0 cloak
rCorr    .         Harm     .   (no gloves)
MR       .....                  (no boots)
Stlth    ++........             (no amulet)
HPRegen  0.10/turn              l - ring of wizardry
MPRegen  0.12/turn              (no ring)

@: mighty
A: small, carnivore
a: no special abilities


You were on level 3 of the Dungeon.
You were completely stuffed.

You visited 1 branch of the dungeon, and saw 3 of its levels.

You collected 123 gold pieces.

Inventory:

Hand Weapons
 d - a +0 short sword of venom (weapon)
 k - a cursed +0 club
 n - a +0 hand crossbow
Missiles
 j - 29 poisoned needles
Armour
 a - a +0 robe (worn)
 m - a +0 cloak (worn)
Jewellery
 l - a ring of wizardry (left hand)
Scrolls
 b - a scroll of amnesia {unknown}
 f - a scroll of teleportation
 g - a scroll of enchant armour {unknown}
 h - a scroll of fear {unknown}
 i - a scroll of identify
 q - a scroll of immolation {unknown}
Comestibles
 c - 3 rations
 p - 2 chunks of flesh


   Skills:
 + Level 2.7 Fighting
 + Level 1.1 Crossbows
 - Level 2.4 Dodging
 - Level 2.6 Stealth
 + Level 3.4 Spellcasting
 + Level 4.8 Conjurations


You had 2 spell levels left.
You knew the following spells:

 Your Spells              Type           Power        Failure   Level  Hunger
a - Magic Dart            Conj           ###.         1%          1    None
b - Dazzling Spray        Conj/Hex       ##....       8%          3    ###....
c - Fulminant Prism       Conj/Hex       ##........   24%         4    ####...


Dungeon Overview and Level Annotations

Branches:
Dungeon (3/15)

Altars:

Annotations:
D:3 Crazy Yiuf


Innate Abilities, Weirdness & Mutations

You are small and have problems with some larger weapons.
You are carnivorous and can eat meat at any time.


Message History

Crazy Yiuf hits you with a quarterstaff of chaos!
You are poisoned.
You feel better.
Crazy Yiuf hits you with a quarterstaff of chaos.
Crazy Yiuf sings, "Trees, trees, trees, circus!"
Crazy Yiuf twirls on the spot.
Crazy Yiuf says, "Proton!
Blight testudinal dark."
You aren't carrying any items that you can evoke.
It was a potion of might.
You feel very mighty all of a sudden.
Crazy Yiuf hits you with a quarterstaff of chaos.
You are electrocuted!
Ouch! That really hurt!
* * * LOW HITPOINT WARNING * * *
Okay, then.
Crazy Yiuf screams, "Cards pizzabubble tired!"
You aren't carrying any items that you can evoke.
Crazy Yiuf says, "Papa poople light!"
Crazy Yiuf hits you with a quarterstaff of chaos.
You die...

...............##.......# ♣.♣♣
...#..##.###...##.......## ♣♣.♣
.........)...............# ♣.♣♣
.....#.#.###...###..##..## ♣♣.♣♣
.....#.........###..##..## ♣...♣♣
.........................# ♣....♣
##...##..###.............# #....#
.....###.###.......###.#####....#
................@g...............
.....###.#.......#......###.##..#
.....# #.#.......+......+.......#
.....# #.#.......#......###.#####
.....# #.###...###......# #.#
.....# #..##...# #......# #.#
.....# ##.##...# #......# #.#
###### #..#...# #......# #.# #
##.#...###......# #.#


You could see Crazy Yiuf.

Vanquished Creatures
  3 gnolls (D:3)
  3 adders
  An ooze (D:2)
  3 worms (D:3)
  6 leopard geckos
  An orc (D:2)
  5 bats
  A giant cockroach (D:3)
  9 goblins
  15 hobgoblins
  2 frilled lizards
  5 kobolds
  8 rats
62 creatures vanquished.

Notes
Turn   | Place    | Note
-------+----------+-------------------------------------------
     0 | D:1      | grindst0ne the Kobold Conjurer began the quest for the Orb.
     0 | D:1      | Reached XP level 1. HP: 10/10 MP: 3/3
   136 | D:1      | Reached XP level 2. HP: 16/16 MP: 3/5
   142 | D:1      | Reached skill level 1 in Fighting
   881 | D:2      | Reached XP level 3. HP: 20/20 MP: 4/6
  1084 | D:1      | Learned a level 3 spell: Dazzling Spray
  1293 | D:2      | Reached XP level 4. HP: 26/26 MP: 3/8
  2000 | D:3      | Reached XP level 5. HP: 31/31 MP: 5/9
  2691 | D:3      | Reached skill level 1 in Crossbows
  2788 | D:3      | Learned a level 4 spell: Fulminant Prism
  3125 | D:3      | Found a runed door.
  3129 | D:3      | Noticed Crazy Yiuf
  3146 | D:3      | HP: 1/31 [Crazy Yiuf/quarterstaff of chaos (17)]
  3159 | D:3      | Slain by Crazy Yiuf

Vault maps used:
D:1:      lightli_arrival_noodles, minmay_misc_feat_five
D:2:      serial_glass, glass_columns_c, glass_columns_b, first_ration
D:3:      uniq_crazy_yiuf_cottage

Skill      XL: |  1  2  3  4  5 |
---------------+----------------+-----
Fighting       | 1 2 |  2.7
Spellcasting   | 3 |  3.4
Crossbows      | 1 |  1.1
Dodging        | |  2.4
Stealth        | |  2.6
Conjurations   | |  4.8

Action                   |  1- 3 |  4- 6 || total
-------------------------+-------+-------++-------
Melee: Short sword       |    28 |    21 ||    49
 Cast: Magic Dart        |    41 |    71 ||   112
       Dazzling Spray    |     1 |     6 ||     7
  Use: Scroll            |       |     4 ||     4
       Potion            |       |     2 ||     2
 Stab: Sleeping          |     2 |       ||     2
  Eat: Chunk             |    10 |     6 ||    16
Armor: Robe              |     8 |     3 ||    11
Dodge: Dodged            |    27 |    34 ||    61

Table legend:
 A = Spawn XP
 B = Non-spawn XP
 C = Spawn XP percentage of total XP
 D = Spawn monster count
 E = Non-spawn monster count
 F = Spawn count percentage of total count
 G = Total turns spent on level
                    A         B        C        D         E        F      G
               +---------+---------+-------+---------+---------+-------+---------
         Total |       0 |     202 |   0.0 |       0 |      62 |   0.0 |  3159
               +---------+---------+-------+---------+---------+-------+---------
           D:1 |       0 |      45 |   0.0 |       0 |      17 |   0.0 |  1124
           D:2 |       0 |      72 |   0.0 |       0 |      29 |   0.0 |   790
           D:3 |       0 |      85 |   0.0 |       0 |      16 |   0.0 |  1245
               +---------+---------+-------+---------+---------+-------+---------
